Zazza, neutral female human Tourist ------------ +..........| #|.........>| ##-..........| ##|..........| ###---.-------- # ######## # # # ### # @ ----.--------# -G- |...........|# ..o| |...........|# ...GG| |..<.....^..|# ...(..G| +............# |.....o..| ------------- ---------- Zazza the Rambler Experience level: 1 Strength: 17 Dexterity: 9 Constitution: 18 Intelligence: 12 Wisdom: 8 Charisma: 17 Health: 0(10) Energy: 2(2) Def: 0 Gold: 849 Moves: 1845 Dungeon seed: gUCTErQi-BDYZ0Mc Game ID: Zazza_1619467193 Your Inventory: Coins $ - 849 gold pieces Weapons a - 38 +2 darts (in quiver) A - 11 blessed +0 orcish arrows Armor e - an uncursed +0 Hawaiian shirt (being worn) Comestibles b - an uncursed egg c - 4 uncursed fortune cookies d - 5 uncursed food rations f - an uncursed tin of newt meat q - 2 uncursed eggs u - an uncursed lembas wafer I - an uncursed lichen corpse Scrolls v - an uncursed scroll of teleportation w - 2 uncursed scrolls of identify B - 2 uncursed scrolls of scare monster C - an uncursed scroll of enchant weapon D - an uncursed scroll of identify E - an uncursed scroll of light F - an uncursed scroll of remove curse H - an uncursed scroll of confuse monster Spellbooks m - an uncursed spellbook of wizard lock Potions i - 2 uncursed potions of extra healing o - a blessed potion of booze r - an uncursed potion of monster detection z - an uncursed potion of water Rings s - an uncursed ring of free action Tools k - an expensive camera (0:57) l - an uncursed credit card Gems n - an uncursed worthless piece of violet glass Spells and supernatural/magical abilities: Name Level Category Fail Memory w - wizard lock 2 matter 100% 91% W - pray for help -- divine ? -- Your skills at the end: Fighting Skills Weapon Skills dart [Basic] Spellcasting Skills Final Attributes: You were nominally aligned. You were lucky. You are dead. Vanquished creatures: a gnomish wizard a floating eye 6 hobgoblins 3 giant rats 2 yellow molds a green mold a gecko 3 jackals 2 kobolds a goblin 2 sewer rats 4 grid bugs a lichen 8 newts 36 creatures vanquished. Voluntary challenges: You were an atheist. You never hit with a wielded weapon. You read items or engraved 8 times, starting on turn 12. You never genocided any monsters. You never polymorphed an object. You never changed form. You used no wishes. You never split a pudding. You never wrote Elbereth's name. You never violated your personal moral code. Dungeon overview: The Dungeons of Doom: levels 1 to 6 Level 1 some fountains a long staircase Level 2 a general store, a fountain a long staircase Level 3 a scroll shop Level 4 Level 5 a fountain Level 6 <- You were here a throne History has recorded: On T:1 you entered the Dungeons of Doom to retrieve the Amulet of Yendor! On T:602 you reached level 2 of The Dungeons of Doom. On T:891 you reached level 3 of The Dungeons of Doom. On T:1225 you reached level 4 of The Dungeons of Doom. On T:1548 you reached level 5 of The Dungeons of Doom. On T:1755 you reached level 6 of The Dungeons of Doom. Score breakdown: Gold: 278 ( 8319 points) Experience: 1 level ( 0 points) Exploration: 6 levels ( 11.54%) ( 9393 points) Discoveries: 3 items ( 1.01%) ( 3010 points) Valuables value: (no points given unless you survive) Artifact value: 0 ( 0 points) Variety of kills: 14 monsters ( 3.67%) ( 5750 points) Turncount: 1845 turns ( 0 points) Survival: died (score multiplied by 80%) Total score: 21177 Latest messages: You hear water falling on coins. You hear the footsteps of a guard on patrol. Never mind. You enter an opulent throne room! You displace Armand. Armand bites the gnomish wizard. The air crackles around the gnomish wizard. (2x) You hear someone counting money. The gnomish wizard points all around, then curses. You hear some noises. The hobgoblin wields a crude dagger! The hobgoblin is killed! The gnome lord picks up an iron skull cap. The gnome lord puts on an iron skull cap. The air crackles around the gnomish wizard. The Uruk-hai wields a crude bow! The gnome picks up a crude dagger. You hear some noises in the distance. The gnome lord hits! (2x) You die... Final status: Aloha Zazza the Tourist, killed by a gnome lord... You died in The Dungeons of Doom on dungeon level 6 with 21177 points, and 849 pieces of gold, after 1845 moves. You were level 1 with a maximum of 10 hit points when you died.